AoeStats
← DerTyp

Arabia

510060506Analyzed
1v1 RM · 2d ago on Sep 29, 2026· 38m 33s· 2 players
Game mode
Random Map
Map size
Tiny (2 player)
Population
200
Speed
Normal
Resources
Standard
Victory
Conquest
Starting age
Dark Age
Ending age
Imperial Age
RankedLock teamsTeams togetherTeam positionsShared explorationLock speedFull tech treeHidden civsTurbo modeCheats
Victory
Defeat
🇳🇿 Mongols · New Zealand
1147
+16
🇩🇪 Burgundians · Germany
1154
-16
brokenrice
5:49 Loom
8:20 Feudal Age
9:07 Double-Bit Axe
11:57 Horse Collar
19:04 Castle Age
17:33 Gold Mining
17:51 Town Watch
19:28 Bloodlines
21:17 Wheelbarrow
22:17 Husbandry
23:35 Scale Barding Armor
24:46 Bow Saw
27:42 Heavy Plow
29:54 Gold Shaft Mining
29:39 Fletching
34:12 Imperial Age
34:09 Bodkin Arrow
34:35 Chain Barding Armor
34:29 Forging
35:15 Conscription
35:00 Heavy Camel Rider
37:24 Hoardings
38:35 Hoardings
38:13 Bracer
37:57 Light Cavalry
DerTyp
2:27 Loom
10:28 Feudal Age
10:06 Double-Bit Axe
10:06 Horse Collar
24:19 Castle Age
22:23 Heavy Plow
23:23 Forging
23:54 Scale Mail Armor
24:20 Pikeman
25:03 Squires
25:32 Cavalier
27:13 Husbandry
28:59 Fletching
34:05 Imperial Age
33:18 Crop Rotation
34:00 Bow Saw
34:08 Bodkin Arrow
34:15 Gold Mining
Connection lost

Rejoining the realm…

Still unreachable

The connection could not be restored.

Session expired

The server has moved on; the page needs a fresh start.